 Dungeon Crawl Stone Soup version 0.27-a0-1287-gca74d27db6 (webtiles) character file.

Game seed: 10780385587686897593

3141 karkarkar the Cleaver (level 9, -1/82 HPs)
             Began as a Minotaur Berserker on June 14, 2021.
             Was an Elder of Trog.
             Splashed by a brown ugly thing's acid (8 damage)
             ... on level 8 of the Dungeon.
             The game lasted 00:19:15 (7160 turns).

karkarkar the Cleaver (Minotaur Berserker)          Turns: 7160, Time: 00:19:16

Health: -1/82      AC: 11    Str: 26    XL:     9   Next: 61%
Magic:  8/8        EV:  8    Int:  4    God:    Trog [****..]
Gold:   307        SH:  4    Dex: 15    Spells: 8/8 levels left

rFire    . . .     SeeInvis .   b - +3 broad axe (flame)
rCold    . . .     Faith    .   A - +0 buckler
rNeg     . . .     Spirit   .   H - +0 plate armour
rPois    +         Reflect  .   (helmet unavailable)
rElec    .         Harm     .   u - +0 cloak
rCorr    .         Rampage  .   w - +0 pair of gloves
Will     ++...                  (no boots)
Stlth    ..........             (no amulet)
HPRegen  1.23/turn              g - +6 ring of dexterity
MPRegen  0.11/turn              s - +4 ring of protection

@: strong-willed, corroded, regenerating
A: horns 3, retaliatory headbutt, poison resistance, wild magic 1
a: Renounce Religion, Berserk, Trog's Hand, Brothers in Arms


You were on level 8 of the Dungeon.
You worshipped Trog.
Trog was greatly pleased with you.
You visited 1 branch of the dungeon, and saw 9 of its levels.
You also visited: Sewer.

You collected 307 gold pieces.

Inventory:

Hand Weapons
 b - a +3 broad axe of flaming (weapon)
 r - a +3 hand axe of electrocution
Missiles
 c - a curare-tipped dart
 k - 3 datura-tipped darts
 D - 8 javelins (quivered)
Armour
 u - a +0 cloak (worn)
 w - a +0 pair of gloves (worn)
 A - a +0 buckler (worn)
 H - a +0 plate armour (worn)
Jewellery
 g - a +6 ring of dexterity (left hand)
 s - a +4 ring of protection (right hand)
 B - a ring of fire
Wands
 o - a wand of acid (10)
 p - a wand of polymorph (8)
 t - a wand of flame (34)
 y - a wand of digging (4)
Scrolls
 a - 3 scrolls of immolation
 q - a scroll of fog
 v - a scroll of brand weapon {unknown}
 z - 2 scrolls of teleportation
 C - a scroll of noise {unknown}
 E - a scroll of magic mapping {unknown}
 F - a scroll of fear {unknown}
Potions
 d - a potion of magic {unknown}
 e - 3 potions of mutation
 f - 10 potions of curing
 h - a potion of haste {unknown}
 i - 2 potions of attraction {unknown}
 j - 2 potions of ambrosia {unknown}
 l - 4 potions of heal wounds
 m - a potion of flight
 n - a potion of might
 x - a potion of berserk rage {unknown}


   Skills:
 + Level 8.3 Fighting
 + Level 12.2 Axes
 + Level 5.7 Armour
 + Level 4.3 Dodging
 + Level 2.3 Stealth
 + Level 0.8 Shields
 + Level 1.4 Unarmed Combat


You had 8 spell levels left.
You didn't know any spells.
Your spell library was empty.

Dungeon Overview and Level Annotations

Branches:
Dungeon (9/15)             Temple (0/1) D:7             Orc (0/2) D:9
  Sewer (visited)
   Lair: D:8-11

Altars:
Fedhas
Nemelex Xobeh
Okawaru
Xom

Shops:
D:9 (


Innate Abilities, Weirdness & Mutations

You have a pair of large horns on your head.
You reflexively headbutt those who attack you in melee.
Your system is resistant to poisons. (rPois)
Your spells are a little harder to cast, but a little more powerful.


Message History

The acid dragon spits acid at you. The splash of acid hits you!
The acid corrodes you!
You are splashed with acid!
The brown ugly thing trunk-slaps you but does no damage.
You hit the brown ugly thing but do no damage.
You headbutt the brown ugly thing, but do no damage.
The brown ugly thing is severely wounded.
The brown ugly thing trunk-slaps you.
You are splashed with acid!
You are too injured to fight recklessly!
You are too injured to fight recklessly!
Unknown command.
You hit the brown ugly thing but do no damage.
You headbutt the brown ugly thing!
The brown ugly thing is severely wounded.
You closely miss the acid dragon. The brown ugly thing trunk-slaps you!
You are splashed with acid!
* * * LOW HITPOINT WARNING * * *
The acid dragon bites you but does no damage.
You block the acid dragon's attack.
Blink to where?
Press: ? - help, Dir - move target
As you read the scroll of blinking, it crumbles to dust.
The acid dragon spits acid at you. The splash of acid hits you.
* * * LOW HITPOINT WARNING * * *
You are splashed with acid!
* * * LOW HITPOINT WARNING * * *
You climb downwards.
A steam dragon, 2 orcs, 2 orc warriors and a troll come into view.
An orc is wielding a +1 dagger of venom.
The orc shouts! x2; The orc warrior shouts! x2
The steam dragon hisses angrily.
The troll shouts!
Found 6 poisoned darts, a potion of resistance, 88 gold pieces and 18 bolts.
Found Lomor's Weapon Emporium.
Found a staircase to the Orcish Mines.
There is a stone staircase leading up here.
You climb upwards.
You block the brown ugly thing's attack.
The brown ugly thing trunk-slaps you!
* * * LOW HITPOINT WARNING * * *
You are splashed with acid!
You die...

##.###.####..... .
#...:.............
#....##..##.......
#....###..# ....
###......### ....#
##..#....#.....# ###
##..##..........
##..##8..8#..........
.......@u.†..........
.....................
.....#8D.8#.)#.......
.... ##..##..##......
... #......## #.....
.. #.......# ..... #
####....... ...
#....?. ..?...


You could see a brown ugly thing and an acid dragon (catching breath).

Vanquished Creatures
  Grinder (D:4)
  A wraith (D:6)
  Eustachio (D:4)
  Menkaure (D:4)
  4 ice beasts
  3 black bears
  3 centaurs
  A phantom (D:6)
  A kobold brigand (Sewer)
  3 bullfrogs
  2 scorpions
  A wyvern zombie (D:6)
  8 wights
  2 howler monkeys
  A centaur zombie (D:7)
  A jelly (D:7)
  4 hounds
  A centaur skeleton (D:5)
  An orc priest (D:3)
  Crazy Yiuf (D:3)
  A bullfrog skeleton (D:6)
  A gnoll shaman (D:5)
  2 orc wizards
  Ijyb (D:4)
  An iguana (D:5)
  A killer bee zombie (D:6)
  Robin (D:4)
  3 adders
  13 gnolls
  2 ufetubi
  3 worms (D:3)
  An adder zombie (D:4)
  A dart slug (D:3)
  10 orcs
  5 endoplasms
  2 giant cockroaches
  10 goblins
  8 hobgoblins
  6 jackals
  17 kobolds
  4 quokkas
  4 ball pythons
  10 bats
  5 frilled lizards
  7 rats
160 creatures vanquished.

Vanquished Creatures (others)
  A fungus (Sewer)
  6 plants
7 creatures vanquished.

Grand Total: 167 creatures vanquished

Notes
Turn   | Place    | Note
-------+----------+-------------------------------------------
     0 | D:1      | karkarkar the Minotaur Berserker began the quest for the
                  | Orb.
     0 | D:1      | Reached XP level 1. HP: 19/19 MP: 0/0
    10 | D:1      | Noticed an octopode
    12 | D:1      | Noticed a minotaur zombie
    16 | D:1      | Noticed an octopode
    18 | D:1      | Noticed an elf
   574 | D:1      | Reached XP level 2. HP: 27/27 MP: 1/1
   576 | D:1      | Reached skill level 4 in Axes
   966 | D:1      | Found a faded altar of an unknown god.
  1125 | D:2      | You fall into a shaft and drop 2 floors!
  1177 | D:4      | Found a blossoming altar of Fedhas.
  1198 | D:3      | Found a glowing drain.
  1208 | D:3      | Reached XP level 3. HP: 25/33 MP: 2/2
  1221 | Sewer    | Entered a sewer
  1290 | Sewer    | Noticed a kobold brigand
  1296 | Sewer    | Killed a kobold brigand
  1297 | Sewer    | Reached skill level 5 in Axes
  1297 | Sewer    | Reached XP level 4. HP: 41/41 MP: 3/3
  1652 | Sewer    | Reached ** piety under Trog
  2016 | D:3      | Reached skill level 5 in Fighting
  2016 | D:3      | Reached XP level 5. HP: 23/48 MP: 4/4
  2453 | D:3      | Noticed a centaur
  2455 | D:3      | Killed a centaur
  2456 | D:3      | Reached skill level 1 in Stealth
  2597 | D:3      | Reached XP level 6. HP: 56/56 MP: 5/5
  2707 | D:3      | Found a runed translucent door.
  2708 | D:3      | Noticed Crazy Yiuf
  2716 | D:3      | Killed Crazy Yiuf
  3073 | D:3      | Identified a scroll of acquirement
  3075 | D:3      | Acquired a +2 broad axe of flaming
  3081 | D:4      | Noticed Robin
  3090 | D:3      | Reached skill level 6 in Axes
  3129 | D:3      | Reached *** piety under Trog
  3189 | D:4      | Noticed Grinder
  3195 | D:4      | Killed Robin
  3213 | D:4      | Killed Grinder
  3214 | D:4      | Reached skill level 7 in Axes
  3214 | D:4      | Reached XP level 7. HP: 61/61 MP: 6/6
  3268 | D:4      | Noticed Menkaure
  3274 | D:4      | Killed Menkaure
  3275 | D:4      | Reached skill level 1 in Unarmed Combat
  3412 | D:4      | Found a sparkling altar of Nemelex Xobeh.
  4029 | D:4      | Noticed Eustachio
  4038 | D:4      | Killed Eustachio
  4039 | D:4      | Reached skill level 8 in Axes
  4282 | D:4      | Noticed Ijyb
  4291 | D:4      | Killed Ijyb
  4292 | D:4      | Reached XP level 8. HP: 55/70 MP: 7/7
  4539 | D:5      | Entered Level 5 of the Dungeon
  4574 | D:5      | Reached skill level 9 in Axes
  4929 | D:5      | Reached skill level 10 in Axes
  5397 | D:6      | Reached XP level 9. HP: 74/79 MP: 8/8
  5423 | D:6      | Found a shimmering altar of Xom.
  5571 | D:6      | Reached skill level 5 in Armour
  5576 | D:6      | Reached skill level 11 in Axes
  6058 | D:6      | Reached **** piety under Trog
  6356 | D:6      | Gained mutation: Your spells are a little harder to cast,
                  | but a little more powerful. [potion of mutation]
  6356 | D:6      | Gained mutation: Your system is resistant to poisons.
                  | (rPois) [potion of mutation]
  6356 | D:6      | Gained mutation: You have a pair of large horns on your
                  | head. [potion of mutation]
  6473 | D:7      | Found an iron altar of Okawaru.
  6512 | D:7      | Found a staircase to the Ecumenical Temple.
  6604 | D:7      | Reached skill level 12 in Axes
  7146 | D:8      | Noticed a brown ugly thing
  7158 | D:9      | Found a staircase to the Orcish Mines.
  7158 | D:9      | Found Lomor's Weapon Emporium.
  7158 | D:9      | Noticed a troll
  7160 | D:8      | Splashed by a brown ugly thing's acid

Illustrated notes

Levels and vault maps discovered:
D:1:      shiori_arrival_whats_in_store_for_you, layout_basic,
          hellmonk_ecumenical_altar_leap_of_faith, serial_bayou_crossing
D:2:      layout_loops_cross, item_on_display_a
D:3:      layout_basic, cheibrodos_sewer_entry_drain, solitary_fountain,
          mrwooster_statue_mirror, minivault_5, nrook_uturn, minmay_between,
          uniq_crazy_yiuf_cottage
D:4:      layout_layer_cave, general_overflow_altar, fedhas_ov_isle_minmay,
          uniq_robin, uniq_menkaure, uniq_eustachio, uniq_ijyb, uniq_grinder
D:5:      layout_gridville
D:6:      layout_basic, xom_teletrap_fun
D:7:      layout_basic, okawaru_ov_weapons_minmay, temple_pool_b
D:8:      layout_cave_pools, minitemple, st_stairs_6, minmay_manual_monolith
D:9:      layout_roguey, lemuel_doored_altar, grunt_lair_entry_orc_guard_hut,
          orc_david_3, serial_aquarium, aquarium_bridge_long_joined
          [aquarium_subvault_bridge, aquarium_subvault_balcony,
          aquarium_subvault_bridge, aquarium_subvault_balcony,
          aquarium_subvault_bridge, aquarium_subvault_window],
          aquarium_window_corridor_3, aquarium_window_1, aquarium_window_1,
          aquarium_window_fake, aquarium_view_2d, aquarium_view_2f,
          aquarium_balcony_5b, aquarium_pool_1

Skill      XL: |  1  2  3  4  5  6  7  8  9 |
---------------+----------------------------+-----
Fighting       | 4 5 6 7 8 |  8.3
Axes           | 4 5 7 8 10 12 | 12.2
Dodging        | 3 4 |  4.3
Stealth        | 1 2 |  2.3
Armour         | 3 4 5 |  5.7
Unarmed Combat | 1 |  1.4
Shields        | |  0.8

Action                   |  1- 3 |  4- 6 |  7- 9 || total
-------------------------+-------+-------+-------++-------
Melee: Hand axe          |    44 |    32 |       ||    76
       Headbutt          |     8 |    15 |    32 ||    55
       War axe           |       |    32 |       ||    32
       Broad axe         |       |    20 |   163 ||   183
       Unarmed           |       |     9 |       ||     9
Invok: Berserk           |     1 |     2 |       ||     3
       Trog's Hand       |       |     1 |     2 ||     3
  Use: Scroll            |     1 |     4 |     4 ||     9
       Potion            |       |     2 |     3 ||     5
 Stab: Sleeping          |       |     3 |       ||     3
Armor: Animal skin       |     7 |    16 |       ||    23
       Chain mail        |       |    49 |    81 ||   130
       Skin              |       |     3 |       ||     3
       Plate armour      |       |       |     7 ||     7
Dodge: Dodged            |    27 |    75 |    90 ||   192
Block: Buckler           |       |       |    14 ||    14

Table legend: (Time is in decaauts)
 A = Elapsed time spent in this place.
 B = Non-inter-level travel time spent in this place.
 C = Inter-level travel time spent in this place.
 D = Time resting spent in this place.
 E = Time spent auto-exploring this place.
 F = Levels seen in this place.
 G = Mean time per level.
                   A        B        C        D        E       F      G
               +--------+--------+--------+--------+--------+-----+--------+
         Total |   7274 |   7104 |    170 |    379 |   5160 |  10 |  727.4 |
       Dungeon |   6608 |   6438 |    170 |    196 |   4862 |   9 |  734.2 |
         Sewer |    666 |    666 |      0 |    183 |    298 |   1 |  666.0 |
               +--------+--------+--------+--------+--------+-----+--------+

Top non-repeatable levels by time:
     D:4: 1450 daAuts
     D:3: 1390 daAuts
     D:1: 1015 daAuts
     D:6: 1011 daAuts
     D:5: 818 daAuts
     D:7: 765 daAuts
   Sewer: 666 daAuts
     D:2: 119 daAuts
     D:8: 36 daAuts
     D:9: 1 daAuts
